| TOP OF THE 1ST |
|
Syracuse Chiefs batting - Pitching for Gwinnett Braves : LHP Brian Gregory
|
|
Pitching: LHP Brian Gregory
|
|
|
Batting: RHB Dusty Ballard
|
0-0: Ball 1-0: Ball 2-0: Ball 3-0: Base on Balls
|
|
Batting: LHB Alexis Cantu
|
0-0: Called Strike 0-1: Ball 1-1: Foul Ball, location: 2F 1-2: Foul Ball, location: 2F 1-2: Ball 2-2: Foul Ball, location: 2F 2-2: Ball 3-2: Ground out 4-3 (Groundball, 4, EV 96.9 MPH) Dusty Ballard to second
|
|
Batting: RHB Jim Miske
|
0-0: Ball 1-0: Ground out 6-3 (Groundball, 6, EV 105.6 MPH)
|
|
Batting: LHB Jae-ik Soung
|
0-0: Ball 1-0: Ball 2-0: Ball 3-0: Called Strike 3-1: Foul Ball, location: 2F 3-2: Fly out, F8 (Flyball, 89S, EV 73.1 MPH)
|
| Top of the 1st over - 0 runs, 0 hits, 0 errors, 1 left on base; Syracuse 0 - Gwinnett 0 |
| BOTTOM OF THE 1ST |
|
Gwinnett Braves batting - Pitching for Syracuse Chiefs : LHP Harry Osborne
|
|
Pitching: LHP Harry Osborne
|
|
|
Batting: RHB Nate Taylor
|
0-0: Ball 1-0: Swinging Strike 1-1: Foul Ball, location: 2F 1-2: Fly out, F7 (Flyball, 7, EV 78.1 MPH)
|
|
Batting: RHB Edgar Castillo
|
0-0: Ball 1-0: Ball 2-0: Ball 3-0: Base on Balls
|
|
Batting: LHB David Bramble
|
0-0: Ball 1-0: Called Strike 1-1: Foul Ball, location: 2F 1-2: Foul Ball, location: 2F 1-2: Strikes out looking
|
|
Batting: SHB Brian Bagley
|
0-0: Foul Ball, location: 2F 0-1: Ball 1-1: Ball Wild Pitch! Edgar Castillo to second 2-1: Foul Ball, location: 2F 2-2: Fly out, F9 (Flyball, 9, EV 95.6 MPH)
|
| Bottom of the 1st over - 0 runs, 0 hits, 0 errors, 1 left on base; Syracuse 0 - Gwinnett 0 |
| TOP OF THE 2ND |
|
Syracuse Chiefs batting - Pitching for Gwinnett Braves : LHP Brian Gregory
|
|
Batting: LHB Dillon Gonzalez
|
0-0: Called Strike 0-1: Foul Ball, location: 2F 0-2: SINGLE (Flyball, 56D, EV 84.4 MPH)
|
|
Batting: RHB Rafael Medina
|
0-0: Ball 1-0: Called Strike Dillon Gonzalez steals 2nd base (no throw) 1-1: Swinging Strike 1-2: Strikes out looking
|
|
Batting: RHB Gabe Almazan
|
0-0: Ball 1-0: Ball 2-0: Ball 3-0: Called Strike 3-1: Base on Balls
|
|
Batting: LHB Doug Anderson
|
0-0: Called Strike 0-1: Called Strike 0-2: Fielders Choice at 2nd, 6-4 (Groundball, 6D, EV 91.2 MPH) Dillon Gonzalez to third
|
|
Batting: LHB Tom Reynolds
|
0-0: Fly out, F7 (Flyball, 78M, EV 86.2 MPH)
|
| Top of the 2nd over - 0 runs, 1 hit, 0 errors, 2 left on base; Syracuse 0 - Gwinnett 0 |
| BOTTOM OF THE 2ND |
|
Gwinnett Braves batting - Pitching for Syracuse Chiefs : LHP Harry Osborne
|
|
Batting: SHB Bob Morales
|
0-0: Ball 1-0: Ball 2-0: Called Strike 2-1: Foul Ball, location: 2F 2-2: Ball 3-2: Strikes out swinging, 2-3 out at first.
|
|
Batting: RHB Alex Munoz
|
0-0: Ball 1-0: Ball 2-0: Foul Ball, location: 2F 2-1: SINGLE (Groundball, 5D, EV 97.5 MPH)
|
|
Batting: RHB Dave Nickerson
|
0-0: Ball 1-0: Ball 2-0: Grounds into double play, 6-4-3 (Groundball, 6, EV 81.9 MPH)
|
| Bottom of the 2nd over - 0 runs, 1 hit, 0 errors, 0 left on base; Syracuse 0 - Gwinnett 0 |
| TOP OF THE 3RD |
|
Syracuse Chiefs batting - Pitching for Gwinnett Braves : LHP Brian Gregory
|
|
Batting: RHB Dusty Ballard
|
0-0: Swinging Strike 0-1: Ball 1-1: Swinging Strike 1-2: Ball 2-2: Strikes out swinging
|
|
Batting: LHB Alexis Cantu
|
0-0: Ball 1-0: Ball 2-0: Called Strike 2-1: Foul Ball, location: 2F 2-2: Strikes out swinging
|
|
Batting: RHB Jim Miske
|
0-0: Called Strike 0-1: Foul Ball, location: 2F 0-2: Strikes out looking
|
| Top of the 3rd over - 0 runs, 0 hits, 0 errors, 0 left on base; Syracuse 0 - Gwinnett 0 |
| BOTTOM OF THE 3RD |
|
Gwinnett Braves batting - Pitching for Syracuse Chiefs : LHP Harry Osborne
|
|
Batting: RHB Mike Meeker
|
0-0: Ball 1-0: DOUBLE (Line Drive, 89D, EV 100.0 MPH)
|
|
Batting: SHB Eric Reeser
|
0-0: Called Strike 0-1: Ball 1-1: Ball 2-1: Ground out U3 (Groundball, 3S, EV 93.1 MPH) Mike Meeker to third
|
|
Batting: RHB Nate Taylor
|
0-0: Ball 1-0: Called Strike 1-1: Ball 2-1: SINGLE (Groundball, 4MD, EV 97.5 MPH) Mike Meeker scores
|
|
Batting: RHB Edgar Castillo
|
0-0: Called Strike 0-1: Called Strike 0-2: Strikes out swinging
|
|
Batting: LHB David Bramble
|
0-0: Ball 1-0: Ball 2-0: Called Strike 2-1: Ball 3-1: Base on Balls Nate Taylor to second
|
|
Batting: SHB Brian Bagley
|
0-0: Ball 1-0: Ball 2-0: Called Strike Nate Taylor steals 3rd base (no throw) 2-1: Called Strike 2-2: Strikes out looking
|
| Bottom of the 3rd over - 1 run, 2 hits, 0 errors, 2 left on base; Syracuse 0 - Gwinnett 1 |
| TOP OF THE 4TH |
|
Syracuse Chiefs batting - Pitching for Gwinnett Braves : LHP Brian Gregory
|
|
Batting: LHB Jae-ik Soung
|
0-0: Fly out, F8 (Flyball, 89D, EV 90.6 MPH)
|
|
Batting: LHB Dillon Gonzalez
|
0-0: Ball 1-0: Ball 2-0: Called Strike 2-1: Called Strike 2-2: Ground out 4-3 (Groundball, 4, EV 83.8 MPH)
|
|
Batting: RHB Rafael Medina
|
0-0: Ground out 3-1 (Groundball, 34, EV 88.1 MPH)
|
| Top of the 4th over - 0 runs, 0 hits, 0 errors, 0 left on base; Syracuse 0 - Gwinnett 1 |
| BOTTOM OF THE 4TH |
|
Gwinnett Braves batting - Pitching for Syracuse Chiefs : LHP Harry Osborne
|
|
Batting: SHB Bob Morales
|
0-0: Ball 1-0: Ground out 4-3 (Groundball, 34, EV 108.1 MPH)
|
|
Batting: RHB Alex Munoz
|
0-0: Ball 1-0: Foul Ball, location: 2F 1-1: Called Strike 1-2: SINGLE (Flyball, 89S, EV 98.1 MPH)
|
|
Batting: RHB Dave Nickerson
|
0-0: Ball Alex Munoz is caught stealing 2nd base 2-4 1-0: Swinging Strike 1-1: Ground out 4-3 (Groundball, 4S, EV 80.0 MPH)
|
| Bottom of the 4th over - 0 runs, 1 hit, 0 errors, 0 left on base; Syracuse 0 - Gwinnett 1 |
| TOP OF THE 5TH |
|
Syracuse Chiefs batting - Pitching for Gwinnett Braves : LHP Brian Gregory
|
|
Batting: RHB Gabe Almazan
|
0-0: Foul Ball, location: 2F 0-1: Called Strike 0-2: Ball 1-2: Foul Ball, location: 2F 1-2: SINGLE (Groundball, 6D, EV 101.9 MPH)
|
|
Batting: LHB Doug Anderson
|
0-0: Grounds into double play, 4-6-3 (Groundball, 4, EV 108.8 MPH)
|
|
Batting: LHB Tom Reynolds
|
0-0: Called Strike 0-1: Called Strike 0-2: Ball 1-2: Foul Ball, location: 2F 1-2: Strikes out swinging
|
| Top of the 5th over - 0 runs, 1 hit, 0 errors, 0 left on base; Syracuse 0 - Gwinnett 1 |
| BOTTOM OF THE 5TH |
|
Gwinnett Braves batting - Pitching for Syracuse Chiefs : LHP Harry Osborne
|
|
Batting: RHB Mike Meeker
|
0-0: Ball 1-0: Called Strike 1-1: Swinging Strike 1-2: Ball 2-2: Strikes out swinging
|
|
Batting: SHB Eric Reeser
|
0-0: Ball 1-0: Called Strike 1-1: Called Strike 1-2: Fly out, F8 (Flyball, 8RD, EV 90.0 MPH)
|
|
Batting: RHB Nate Taylor
|
0-0: Ball 1-0: Fly out, F4 (Popup, 13, EV 85.6 MPH)
|
| Bottom of the 5th over - 0 runs, 0 hits, 0 errors, 0 left on base; Syracuse 0 - Gwinnett 1 |
| TOP OF THE 6TH |
|
Syracuse Chiefs batting - Pitching for Gwinnett Braves : LHP Brian Gregory
|
|
Batting: RHB Dusty Ballard
|
0-0: Called Strike 0-1: Swinging Strike 0-2: Ball 1-2: Fly out, F9 (Flyball, 9S, EV 90.6 MPH)
|
|
Batting: LHB Alexis Cantu
|
0-0: Called Strike 0-1: Foul Ball, location: 2F 0-2: Foul Ball, location: 2F 0-2: Ball 1-2: Ground out 4-3 (Groundball, 4D, EV 101.9 MPH)
|
|
Batting: RHB Jim Miske
|
0-0: Ball 1-0: Called Strike 1-1: Fly out, F8 (Flyball, 78M, EV 76.2 MPH)
|
| Top of the 6th over - 0 runs, 0 hits, 0 errors, 0 left on base; Syracuse 0 - Gwinnett 1 |
| BOTTOM OF THE 6TH |
|
Gwinnett Braves batting - Pitching for Syracuse Chiefs : LHP Harry Osborne
|
|
Batting: RHB Edgar Castillo
|
0-0: Ball 1-0: Ground out U3 (Groundball, 3, EV 89.4 MPH)
|
|
Batting: LHB David Bramble
|
0-0: Foul Ball, location: 2F 0-1: Swinging Strike 0-2: Strikes out swinging
|
|
Batting: SHB Brian Bagley
|
0-0: Ground out 5-3 (Groundball, 56, EV 106.2 MPH)
|
| Bottom of the 6th over - 0 runs, 0 hits, 0 errors, 0 left on base; Syracuse 0 - Gwinnett 1 |
| TOP OF THE 7TH |
|
Syracuse Chiefs batting - Pitching for Gwinnett Braves : LHP Brian Gregory
|
|
Batting: LHB Jae-ik Soung
|
0-0: Ball 1-0: Ball 2-0: Called Strike 2-1: Ground out 6-3 (Groundball, 6M, EV 85.6 MPH)
|
|
Batting: LHB Dillon Gonzalez
|
0-0: Foul Ball, location: 2F 0-1: Foul Ball, location: 2F 0-2: Strikes out looking
|
|
Batting: RHB Rafael Medina
|
0-0: Called Strike 0-1: DOUBLE (Line Drive, 7LM, EV 103.8 MPH)
|
|
Batting: RHB Gabe Almazan
|
0-0: Ball 1-0: Called Strike 1-1: Ball 2-1: Swinging Strike 2-2: Ball 3-2: Ground out 1-3 (Groundball, 13S, EV 68.8 MPH)
|
| Top of the 7th over - 0 runs, 1 hit, 0 errors, 1 left on base; Syracuse 0 - Gwinnett 1 |
| BOTTOM OF THE 7TH |
|
Gwinnett Braves batting - Pitching for Syracuse Chiefs : LHP Harry Osborne
|
|
Batting: SHB Bob Morales
|
0-0: Called Strike 0-1: Foul Ball, location: 2F 0-2: Strikes out looking
|
|
Batting: RHB Alex Munoz
|
0-0: Ball 1-0: SOLO HOME RUN (Flyball, 7D, EV 96.9 MPH), Distance : 379 ft
|
|
Batting: RHB Dave Nickerson
|
0-0: Foul Ball, location: 2F 0-1: Ball 1-1: Ball 2-1: Ball 3-1: Fly out, F7 (Line Drive, 7, EV 107.5 MPH)
|
|
Batting: RHB Mike Meeker
|
0-0: SINGLE (Groundball, 6MD, EV 98.1 MPH)
|
|
Batting: SHB Eric Reeser
|
0-0: Swinging Strike 0-1: Ball 1-1: Ball 2-1: Ground out 4-3 (Groundball, 4, EV 103.8 MPH)
|
| Bottom of the 7th over - 1 run, 2 hits, 0 errors, 1 left on base; Syracuse 0 - Gwinnett 2 |
| TOP OF THE 8TH |
|
Syracuse Chiefs batting - Pitching for Gwinnett Braves : LHP Brian Gregory
|
|
Batting: LHB Doug Anderson
|
0-0: Ball 1-0: Swinging Strike 1-1: Ball 2-1: Foul Ball, location: 2F 2-2: Ball 3-2: Base on Balls
|
|
Batting: LHB Tom Reynolds
|
0-0: DOUBLE (Line Drive, 7LS, EV 106.9 MPH) Doug Anderson to third Runner from 3rd tries for Home, SAFE, no throw by LF
|
|
Pitching: RHP Chong-hun Park
|
|
|
Batting: RHB Dusty Ballard
|
0-0: Swinging Strike 0-1: Foul Ball, location: 2F 0-2: Strikes out swinging
|
|
Batting: LHB Alexis Cantu
|
0-0: Ball 1-0: Foul Ball, location: 2F 1-1: Foul Ball, location: 2F 1-2: Strikes out swinging
|
|
Batting: RHB Jim Miske
|
0-0: Ball 1-0: Ball 2-0: Foul Ball, location: 2F 2-1: Foul Ball, location: 2F 2-2: Ball 3-2: Strikes out swinging
|
| Top of the 8th over - 1 run, 1 hit, 0 errors, 1 left on base; Syracuse 1 - Gwinnett 2 |
| BOTTOM OF THE 8TH |
|
Gwinnett Braves batting - Pitching for Syracuse Chiefs : LHP Harry Osborne
|
|
Batting: RHB Nate Taylor
|
0-0: Ground out 5-3 (Groundball, 56S, EV 70.0 MPH)
|
|
Batting: RHB Edgar Castillo
|
0-0: Foul Ball, location: 2F 0-1: Ball 1-1: Foul Ball, location: 2F 1-2: Ball 2-2: SINGLE (Groundball, 4D, EV 103.1 MPH)
|
|
Pitching: RHP Jose Barreras
|
|
|
Batting: LHB David Bramble
|
0-0: Called Strike Edgar Castillo steals 2nd base 0-1: Ground out 4-3 (Groundball, 34, EV 100.0 MPH) Edgar Castillo to third
|
|
Batting: SHB Brian Bagley
|
0-0: Ball 1-0: Fly out, F5 (Popup, 5S, EV 82.5 MPH)
|
| Bottom of the 8th over - 0 runs, 1 hit, 0 errors, 1 left on base; Syracuse 1 - Gwinnett 2 |
| TOP OF THE 9TH |
|
Syracuse Chiefs batting - Pitching for Gwinnett Braves : RHP Chong-hun Park
|
|
Pitching: RHP Adam Reynolds
|
|
|
Now in RF: Fred Arends
|
|
|
Batting: LHB Jae-ik Soung
|
0-0: Ball 1-0: Ball 2-0: Foul Ball, location: 2F 2-1: Swinging Strike 2-2: SINGLE (Flyball, 78S, EV 98.1 MPH)
|
|
Batting: LHB Dillon Gonzalez
|
0-0: Ball 1-0: Ball 2-0: Called Strike 2-1: Foul Ball, location: 2F 2-2: Fielders Choice at 2nd, 6-4 (Groundball, 6, EV 84.4 MPH)
|
|
Batting: RHB Rafael Medina
|
0-0: Fielders Choice at 2nd, 6-4 (Groundball, 56, EV 77.5 MPH)
|
|
Batting: RHB Gabe Almazan
|
0-0: Ball 1-0: Foul Ball, location: 2F 1-1: SINGLE (Groundball, P, EV 91.9 MPH) (infield hit) Rafael Medina to second
|
|
Batting: LHB Doug Anderson
|
0-0: Ball 1-0: Ball 2-0: Called Strike 2-1: Foul Ball, location: 2F 2-2: Ball 3-2: Strikes out looking
|
| Top of the 9th over - 0 runs, 2 hits, 0 errors, 2 left on base; Syracuse 1 - Gwinnett 2 |
|